[Event "Team 45 45 League T47"]
[Site "Internet Chess Club"]
[Date "2010.11.24"]
[Round "3"]
[White "islanderpfeifer"]
[Black "tryanything"]
[Result "0-1"]
[WhiteElo "1440"]
[BlackElo "1586"]
[Opening "Colle system"]
[ECO "D05"]
[Time "18:14:37"]
[TimeControl "2700+45"]

1. d4 Nf6 2. Nf3 d5 3. e3 e6 4. Bd3 c5 5. c3 cxd4 6. cxd4 Nc6 7. Nc3 Be7 8. O-O
O-O 9. Re1 Nb4 10. Bb1 b6 11. a3 Nc6 12. Bd2 Re8 13. b4 g6 14. Bc2 Bd7 15. e4
dxe4 16. Nxe4 Nxe4 17. Bxe4 Rc8 18. Bh6 Bf6 19. Rc1 Ne7 20. Rxc8 Qxc8 21. d5
Nxd5 22. Bxd5 exd5 23. Rxe8+ Qxe8 24. Qxd5 Bc6 25. Qd3 Qd7 26. Qb3 Ba4 27. Qb1
Qd1+ 28. Qxd1 Bxd1 29. Bc1 Bxf3 30. gxf3 b5 31. f4 Bd4 32. Kg2 f5 33. Kf3 a6 34.
Ke2 Kf7 35. f3 Ke6 36. Kd3 Kd5 37. h3 h6 38. Kc2 Kc4 39. Bb2 Bxb2 40. Kxb2 Kd3
41. Kb3 Ke3 42. Kc3 Kxf3 43. Kd4 Kxf4 44. Kc5 Kg3 45. Kb6 f4 46. Kxa6 f3 47.
Kxb5 f2 48. a4 f1=Q+ 49. Kb6 Qc4 50. Ka5 Qc7+ 51. Kb5 Kxh3 52. a5 Qb7+ 53. Ka4
g5 54. b5 g4 55. Kb4 g3 56. Kc5 g2 57. a6 g1=Q+ 58. Kb4 Qb1+ {White resigns} 0-1

[Event "Team 45 45 League T47"]
[Site "Internet Chess Club"]
[Date "2010.11.21"]
[Round "3"]
[White "subterfuge"]
[Black "DarkFlow"]
[Result "0-1"]
[WhiteElo "1702"]
[BlackElo "1776"]
[Opening "QGA: 3.e4"]
[ECO "D20"]
[Time "14:00:16"]
[TimeControl "2700+45"]

1. d4 d5 2. c4 dxc4 3. e4 e5 4. Nf3 Bb4+ 5. Bd2 Bxd2+ 6. Qxd2 exd4 7. Qxd4 Qxd4
8. Nxd4 a6 9. Bxc4 Nf6 10. e5 Ng4 11. O-O O-O 12. Re1 Re8 13. f4 Be6 14. Bxe6
fxe6 15. Nd2 Nd7 16. Rac1 Rac8 17. Ne4 b6 18. Rc6 Nb8 19. Rxe6 Rcd8 20. Rxe8+
Rxe8 21. h3 Nh6 22. b4 Rd8 23. Ne6 Rd7 24. Rc1 c6 25. g4 Nf7 26. Kf2 Rd3 27. Rc3
Rd1 28. a3 Nd8 29. N6g5 h6 30. Nf3 Ne6 31. Ke2 Rd5 32. Ke3 Kf8 33. f5 Nc7 34.
Rd3 Ke7 35. Nc3 Rxd3+ 36. Kxd3 Nd7 37. Ke4 c5 38. Nd5+ Nxd5 39. Kxd5 cxb4 40.
axb4 a5 41. bxa5 bxa5 42. Nd4 Nb6+ 43. Kc5 Nd7+ 44. Kd5 Nb6+ 45. Kc6 Nc4 46. e6
Nb2 47. Nc2 g6 48. Kd5 gxf5 49. gxf5 a4 50. Ke4 Nc4 51. Kf4 Kf6 52. e7 Kxe7 53.
Kg4 Ne5+ 54. Kh5 Nf7 55. Kg6 Ne5+ 56. Kg7 Nf7 57. h4 Ke8 58. f6 Nd6 59. h5 Nf5+
60. Kg6 Nd6 61. Kg7 Nf5+ 62. Kg8 Nd6 63. Nd4 a3 64. Nc2 a2 65. Na1 Nf7 66. Kg7
Nd6 67. Kxh6 Kf7 68. Kh7 Kxf6 69. Kg8 Nf5 70. Kh7 Kg5 71. h6 Nxh6 72. Kg7 Ng4
73. Kf7 Kf5 74. Ke7 Ke5 75. Kd7 Kd4 76. Kc6 Kc3 77. Kb5 Kb2 78. Kb4 Kxa1 79. Kb3
Kb1 {White resigns} 0-1

[Event "Team 45 45 League T47"]
[Site "Internet Chess Club"]
[Date "2010.11.19"]
[Round "3"]
[White "Grenadier"]
[Black "nursey"]
[Result "1-0"]
[WhiteElo "1752"]
[BlackElo "1630"]
[Opening "Ruy Lopez: closed, Pilnik variation"]
[ECO "C90"]
[Time "17:04:49"]
[TimeControl "2700+45"]

1. e4 e5 2. Nf3 Nc6 3. Bb5 a6 4. Ba4 Nf6 5. O-O Be7 6. Re1 b5 7. Bb3 O-O 8. c3
d6 9. d3 Bg4 10. Bg5 Rb8 11. Nbd2 a5 12. a3 a4 13. Ba2 Nd7 14. Be3 Nf6 15. Bg5
h6 16. Bh4 Qd7 17. Nf1 Rfd8 18. Ne3 Bh5 19. Nf5 Bg6 20. Nxe7+ Qxe7 21. Qd2 Bh5
22. Qe3 Bg4 23. d4 Bxf3 24. Qxf3 exd4 25. e5 Nxe5 26. Qg3 dxc3 27. bxc3 c6 28.
f4 Qa7+ 29. Kh1 Nh5 30. Qh3 Nxf4 31. Qf5 Nfd3 32. Rf1 Re8 33. Rad1 Qe3 34. Bg3
Rb7 35. Bb1 Nb2 36. Qh7+ Kf8 37. Qh8+ Ke7 38. Bh4+ g5 39. Qf6+ Kf8 40. Qxh6+ Kg8
41. Bh7+ Kh8 42. Bxg5 Ng4 43. Qh4 Qa7 44. Bf5+ Nh6 45. Qxh6+ Kg8 46. Bh7+ Kh8
47. Bf6# {Black checkmated} 1-0

[Event "Team 45 45 League T47"]
[Site "Internet Chess Club"]
[Date "2010.11.18"]
[Round "3"]
[White "oldprez"]
[Black "GoIrish"]
[Result "0-1"]
[WhiteElo "1374"]
[BlackElo "1538"]
[Opening "Pirc: classical (two knights) system"]
[ECO "B08"]
[Time "21:02:33"]
[TimeControl "2700+45"]

1. e4 Nf6 2. Nc3 d6 3. Nf3 g6 4. d4 Bg7 5. Bc4 O-O 6. O-O Nxe4 7. Nxe4 d5 8. Bd3
dxe4 9. Bxe4 c6 10. Be3 Nd7 11. c3 Nf6 12. Bc2 Qc7 13. Qd2 Bg4 14. Bf4 Qb6 15.
Ne5 Qxb2 16. Nxg4 Nxg4 17. h3 Nf6 18. Rfb1 Qa3 19. Rxb7 Nd5 20. Rb3 Qa5 21. c4
Qxd2 22. Bxd2 Nb6 23. c5 Bxd4 24. Bh6 Bxa1 25. Bxf8 Kxf8 26. cxb6 axb6 27. Be4
Rxa2 28. Bxc6 Bd4 29. Rd3 Bxf2+ 30. Kh2 Bc5 31. Rd8+ Kg7 32. Rd3 Ra7 33. Rf3 e5
34. Kg3 Re7 35. Be4 f5 36. Bc2 e4 37. Rf1 e3 38. Bd3 Kf6 39. Kf3 Ke5 40. g3 Kd4
41. Be2 Re4 42. Rd1+ Ke5 43. Rd8 Kf6 44. g4 Kg5 45. gxf5 Rf4+ 46. Kg3 Rxf5 47.
Rd7 Rf2 48. Bf3 h5 49. h4+ Kh6 50. Rd5 e2 51. Re5 Bd6 52. Kxf2 Bxe5 53. Bxe2 Kg7
54. Kf3 Kf6 55. Ke4 Bg3 56. Kd5 Bxh4 57. Kc6 Bf2 58. Kb5 g5 59. Bxh5 Kf5 60. Bf3
Kf4 61. Bc6 g4 62. Kc4 g3 63. Kd3 Kg4 64. Ke2 Kh3 65. Kf1 Kh2 66. Be4 b5 67. Ke2
b4 68. Kd2 Bd4 69. Kc2 Bc3 70. Kb3 g2 71. Bxg2 Kxg2 72. Kc2 Kf1 73. Kb3 Ke1 74.
Kc2 Ke2 75. Kc1 Kd3 76. Kb1 Kd2 77. Ka2 Kc1 78. Kb3 Kb1 79. Ka4 Ka2 {White
resigns} 0-1

[Event "Team 45 45 League T47"]
[Site "Internet Chess Club"]
[Date "2010.11.21"]
[Round "3"]
[White "SeniorCitizen"]
[Black "Esslinger"]
[Result "1-0"]
[WhiteElo "1318"]
[BlackElo "1351"]
[Opening "Scandinavian (center counter) defense"]
[ECO "B01"]
[Time "15:00:50"]
[TimeControl "2700+45"]

1. e4 d5 2. exd5 Qxd5 3. Nc3 Qa5 4. d4 c6 5. Nf3 Bg4 6. Be2 Nf6 7. O-O e6 8. Re1
Be7 9. Ne5 Bxe2 10. Rxe2 O-O 11. Qd3 Qc7 12. Qg3 g6 13. Nxg6 Qxg3 14. Nxe7+ Kg7
15. hxg3 Re8 16. Nxc6 Nxc6 17. Be3 Rad8 18. Rd2 Rd7 19. f3 Red8 20. Rad1 Nd5 21.
Nxd5 Rxd5 22. c3 Ne7 23. g4 Kg6 24. Kf1 h5 25. c4 Ra5 26. gxh5+ Kxh5 27. b3 Nf5
28. Kf2 Rg8 29. Rh1+ Kg6 30. g4 Nxe3 31. Kxe3 Ra3 32. Ke4 Rd8 33. f4 Rd6 34.
Rhh2 Kf6 35. Rh6+ Ke7 36. g5 Rda6 37. Rhh2 Kd6 38. f5 exf5+ 39. Kxf5 R3a5+ 40.
d5 Ke7 41. Rh6 Rxh6 42. gxh6 Ra6 43. Rh2 Rf6+ 44. Ke5 b6 45. h7 {Black resigns}
1-0

[Event "Team 45 45 League T47"]
[Site "Internet Chess Club"]
[Date "2010.11.23"]
[Round "3"]
[White "zepled37"]
[Black "ZiggyStardust"]
[Result "1-0"]
[WhiteElo "1677"]
[BlackElo "1574"]
[Opening "Scotch: Lolli variation"]
[ECO "C44"]
[Time "16:05:27"]
[TimeControl "2700+45"]

1. e4 e5 2. Nf3 Nc6 3. d4 Nxd4 4. Nxd4 exd4 5. Qxd4 Qf6 6. Be3 c5 7. Qxf6 Nxf6
8. Nc3 Be7 9. Be2 h6 10. e5 Nh7 11. Nd5 Bd8 12. Bxc5 b6 13. Bd6 Ng5 14. Nc7+
Bxc7 15. Bxc7 Bb7 16. O-O-O Bc6 17. f3 O-O 18. Rhe1 Rfe8 19. Bd3 Rac8 20. Bd6
Ne6 21. Rd2 Nd4 22. Ba6 {Black resigns} 1-0

[Event "Team 45 45 League T47"]
[Site "Internet Chess Club"]
[Date "2010.11.18"]
[Round "3"]
[White "quotha"]
[Black "bmw2002"]
[Result "1/2-1/2"]
[WhiteElo "1630"]
[BlackElo "1568"]
[Opening "Benko's opening"]
[ECO "A00"]
[Time "20:08:06"]
[TimeControl "2700+45"]

1. g3 Nf6 2. c4 c5 3. Bg2 Nc6 4. e4 e5 5. Ne2 Be7 6. O-O O-O 7. d3 d6 8. Nbc3
Rb8 9. f4 Bg4 10. Bf3 Bh3 11. Bg2 Qd7 12. Be3 Nd4 13. Bxd4 cxd4 14. Nd5 Nxd5 15.
cxd5 Bg4 16. Qd2 Rfc8 17. f5 f6 18. Rfc1 Qe8 19. Kh1 Bxe2 20. Qxe2 a5 21. h4 b5
22. Bf3 b4 23. Bh5 Qa4 24. Qd2 Qb5 25. Be2 a4 26. Rxc8+ Rxc8 27. Rc1 Rc5 28. Kg2
Bd8 29. Bd1 Ba5 30. Rxc5 dxc5 31. Qc2 a3 32. bxa3 bxa3 33. Qc4 Qxc4 34. dxc4 Kf8
{Game drawn by mutual agreement} 1/2-1/2

[Event "Team 45 45 League T47"]
[Site "Internet Chess Club"]
[Date "2010.11.21"]
[Round "3"]
[White "BrerRabbit"]
[Black "mongmong"]
[Result "1/2-1/2"]
[WhiteElo "1608"]
[BlackElo "1521"]
[Opening "English opening"]
[ECO "A13"]
[Time "20:01:25"]
[TimeControl "2700+45"]

1. c4 e6 2. g3 Nf6 3. Bg2 d5 4. Nf3 c6 5. O-O Bd6 6. b3 O-O 7. d4 Nbd7 8. Nc3
Qe7 9. Bb2 a6 10. c5 Bc7 11. b4 e5 12. dxe5 Nxe5 13. Nxe5 Bxe5 14. e3 h6 15. Qc2
Nh7 16. Ne2 Bxb2 17. Qxb2 Ng5 18. Nd4 Bh3 19. Rfd1 Bxg2 20. Kxg2 Qe4+ 21. Kg1
Nh3+ 22. Kf1 Qh1+ 23. Ke2 Qxh2 24. Kf3 Ng5+ 25. Ke2 Ne4 26. Kf3 Qh5+ 27. Kg2 Qe5
28. Rh1 Ng5 29. Qe2 Rae8 30. Qd1 Ne6 31. Qd3 Nxd4 32. exd4 Qe4+ 33. Qxe4 Rxe4
34. Rad1 Rfe8 35. Rd2 Re2 36. Rhd1 Rxd2 37. Rxd2 f5 38. Kf3 Kf7 39. Kf4 Kf6 40.
Kf3 Re4 41. Kg2 g5 42. Kf1 h5 43. a3 h4 44. gxh4 Rxh4 45. Kg2 Re4 46. Kf1 f4 47.
Rd3 Kf5 48. Rh3 Re7 49. f3 Kg6 50. Rh8 Rh7 51. Rg8+ Rg7 52. Rh8 Kf6 53. Kf2 Rf7
54. Kg2 Re7 55. a4 Re2+ 56. Kh3 Rb2 57. b5 axb5 58. axb5 Rxb5 59. Kg4 Rb1 60.
Rf8+ Kg7 61. Rb8 Rg1+ 62. Kf5 Rb1 63. Kxg5 Rb4 64. Kxf4 Rxd4+ 65. Kg5 Rc4 66.
Rxb7+ Kf8 67. f4 Rxc5 68. f5 Rc1 69. Kf6 Re1 70. Rc7 Re8 71. Rxc6 Rd8 72. Rc1 d4
73. Rd1 d3 74. Ke5 d2 75. Ke4 Kf7 76. Ke3 Kf6 77. Rxd2 Rxd2 78. Kxd2 Kxf5 {Game
drawn because neither player has mating material} 1/2-1/2

[Event "Team 45 45 League T47"]
[Site "Internet Chess Club"]
[Date "2010.11.19"]
[Round "3"]
[White "MCJR"]
[Black "SpeedBlade"]
[Result "1/2-1/2"]
[WhiteElo "1454"]
[BlackElo "1467"]
[Opening "Queen's bishop game"]
[ECO "D02"]
[Time "21:00:53"]
[TimeControl "2700+45"]

1. d4 d5 2. Nf3 Nf6 3. Bf4 g6 4. e3 Bg7 5. Nbd2 O-O 6. c3 c5 7. Bd3 Nc6 8. Ne5
Nd7 9. Nxd7 Bxd7 10. Qf3 e5 11. dxe5 Nxe5 12. Bxe5 Bxe5 13. Qxd5 Qc7 14. Nf3 Bg7
15. h4 Rad8 16. Qg5 h6 17. Qg3 Qxg3 18. fxg3 Rfe8 19. Kf2 Bg4 20. Bc4 Bxf3 21.
Kxf3 Rd2 22. Rab1 Red8 23. Rhf1 a5 24. Rf2 Kf8 25. Rxd2 Rxd2 26. e4 Be5 27. g4
f6 28. Bf1 g5 29. hxg5 hxg5 30. Bc4 b6 31. a4 {Game drawn by mutual agreement}
1/2-1/2

[Event "Team 45 45 League T47"]
[Site "Internet Chess Club"]
[Date "2010.11.28"]
[Round "3"]
[White "cacheboy"]
[Black "NFork"]
[Result "1-0"]
[WhiteElo "2130"]
[BlackElo "2143"]
[Opening "Caro-Kann: exchange variation"]
[ECO "B13"]
[Time "08:01:39"]
[TimeControl "2700+45"]

1. e4 c6 2. d4 d5 3. exd5 cxd5 4. Bd3 Nc6 5. c3 g6 6. Nf3 Nh6 7. O-O Bf5 8. Re1
Bxd3 9. Qxd3 Bg7 10. Bf4 O-O 11. Nbd2 Nf5 12. Nf1 Nd6 13. h4 h6 14. h5 g5 15.
Bxg5 hxg5 16. Nxg5 f5 17. Ne6 Qd7 18. Qg3 Ne8 19. h6 f4 20. Qg5 {Black resigns}
1-0

[Event "Team 45 45 League T47"]
[Site "Internet Chess Club"]
[Date "2010.11.21"]
[Round "3"]
[White "backrankbrawler"]
[Black "BlackHorse"]
[Result "0-1"]
[WhiteElo "1724"]
[BlackElo "1997"]
[Opening "Trompowsky attack (Ruth, Opocenský opening)"]
[ECO "A45"]
[Time "09:00:56"]
[TimeControl "2700+45"]

1. d4 Nf6 2. Bg5 g6 3. Bxf6 exf6 4. e3 b6 5. Nf3 Bb7 6. Bd3 f5 7. Nbd2 d5 8. Qe2
Nd7 9. Bb5 c6 10. Bd3 Bd6 11. O-O-O b5 12. Nb3 a5 13. h4 a4 14. Nbd2 h5 15. Ng5
Nb6 16. f3 Nc4 17. Bxc4 bxc4 18. e4 fxe4 19. fxe4 O-O 20. e5 Be7 21. g4 c3 22.
Nb1 Bxg5+ 23. hxg5 Qxg5+ 24. Nd2 cxd2+ 25. Rxd2 Ba6 26. Qf3 Qxg4 27. Qxg4 hxg4
28. Rdh2 g5 29. Rh5 f6 30. exf6 Kf7 31. Rxg5 Rg8 32. Rh7+ Kxf6 33. Re5 Rae8 34.
Reh5 Rg6 35. Rh1 g3 36. Rg1 g2 37. Rh2 Bf1 38. Kd1 Rg3 39. c3 Re6 40. Rh8 Kf5
{White resigns} 0-1

[Event "Team 45 45 League T47"]
[Site "Internet Chess Club"]
[Date "2010.11.19"]
[Round "3"]
[White "Phosphorus"]
[Black "BigH"]
[Result "1-0"]
[WhiteElo "2053"]
[BlackElo "1796"]
[Opening "Catalan: closed, 5.Nf3"]
[ECO "E06"]
[Time "12:11:21"]
[TimeControl "2700+45"]

1. d4 Nf6 2. c4 e6 3. g3 d5 4. Bg2 Be7 5. Nf3 O-O 6. O-O dxc4 7. Qc2 a6 8. Qxc4
b5 9. Qc2 Bb7 10. Bd2 Ra7 11. Rc1 Be4 12. Qb3 Nc6 13. e3 Qa8 14. Qd1 b4 15. Qf1
Rc8 16. Be1 Nb8 17. Nbd2 Bd5 18. Ne5 a5 19. Nb3 Nfd7 20. Nd3 Bd6 21. Nbc5 e5 22.
e4 Bxc5 23. Nxc5 Nxc5 24. exd5 Ncd7 25. d6 c6 26. dxe5 Nxe5 27. f4 Ng4 28. Qf3
Nf6 29. Bf2 Ne8 30. Bxa7 Qxa7+ 31. Qf2 Qxf2+ 32. Kxf2 Nxd6 33. Rc5 Kf8 34. Rac1
Ke7 35. Bxc6 Nxc6 36. Rxc6 Rxc6 37. Rxc6 Kd7 38. Rc2 Ne4+ 39. Kf3 f5 40. g4 g6
41. gxf5 gxf5 42. Rg2 Nf6 43. Rg7+ Kd6 44. Ra7 Kc5 45. Rxa5+ Kd4 46. Rxf5 Ne4
47. Rf7 Nd2+ 48. Ke2 Nc4 49. b3 Nd6 50. Rd7 {Black resigns} 1-0

[Event "Team 45 45 League T47"]
[Site "Internet Chess Club"]
[Date "2010.11.26"]
[Round "3"]
[White "oldsj"]
[Black "eSeM"]
[Result "0-1"]
[WhiteElo "1640"]
[BlackElo "1956"]
[Opening "Sicilian: Pelikan, Chelyabinsk variation"]
[ECO "B33"]
[Time "19:00:22"]
[TimeControl "2700+45"]

1. e4 c5 2. Nf3 Nc6 3. d4 cxd4 4. Nxd4 Nf6 5. Nc3 e5 6. Ndb5 d6 7. Bg5 a6 8. Na3
b5 9. Nd5 Be7 10. Bxf6 Bxf6 11. Qd2 O-O 12. c3 Bg5 13. f4 exf4 14. Nxf4 Ne5 15.
g3 Nf3+ {White resigns} 0-1

[Event "Team 45 45 League T47"]
[Site "Internet Chess Club"]
[Date "2010.11.24"]
[Round "3"]
[White "pestka"]
[Black "Monsoon-Smith"]
[Result "1-0"]
[WhiteElo "2287"]
[BlackElo "2005"]
[Opening "QGD: exchange, positional line"]
[ECO "D35"]
[Time "16:50:14"]
[TimeControl "2700+45"]

1. d4 d5 2. c4 e6 3. Nc3 Nf6 4. cxd5 exd5 5. Bg5 Be7 6. e3 Nbd7 7. Bd3 O-O 8.
Nge2 Re8 9. O-O Nf8 10. Qc2 c6 11. f3 Nh5 12. Bxe7 Qxe7 13. e4 dxe4 14. fxe4 Be6
15. Rf2 Nf6 16. h3 Red8 17. Raf1 Ng6 18. a3 Rac8 19. b4 a5 20. e5 Nd5 21. Nxd5
Bxd5 22. Qc5 Qg5 23. Bxg6 hxg6 24. bxa5 Qe3 25. Kh2 Be6 26. Nf4 Bf5 27. g4 Be4
28. e6 f6 29. e7 Rd5 30. Nxd5 Bxd5 31. g5 f5 32. Qd6 Kf7 33. Qd8 Qe6 34. Rxf5+
gxf5 35. Rxf5+ Kg6 36. Re5 Qf7 37. Qd6+ Kh7 38. g6+ Qxg6 39. Qxg6+ Kxg6 40.
e8=Q+ Rxe8 41. Rxe8 {Black resigns} 1-0

[Event "Team 45 45 League T47"]
[Site "Internet Chess Club"]
[Date "2010.11.22"]
[Round "3"]
[White "Freitac"]
[Black "eurander"]
[Result "0-1"]
[WhiteElo "1953"]
[BlackElo "2182"]
[Opening "QGD Slav: 4.e3 Bf5"]
[ECO "D12"]
[Time "15:17:58"]
[TimeControl "2700+45"]

1. d4 d5 2. c4 c6 3. Nf3 Nf6 4. e3 Bf5 5. Nc3 e6 6. Nh4 Bg6 7. Be2 Nbd7 8. O-O
Bd6 9. g3 O-O 10. Nxg6 hxg6 11. Qb3 Rb8 12. Rd1 Qe7 13. Qc2 dxc4 14. Bxc4 e5 15.
Bd2 exd4 16. exd4 Nb6 17. Bf1 Qd7 18. Bg2 Bc7 19. Rac1 Nbd5 20. Ne4 Nxe4 21.
Bxe4 Rfe8 22. Bg2 Bb6 23. Qb3 Rbc8 24. Bb4 Nxb4 25. Qxb4 Rcd8 26. Rc2 c5 27. Qc4
cxd4 28. Qd3 Re7 29. Re2 Rde8 30. Rxe7 Qxe7 31. Kf1 Qb4 32. b3 Bd8 33. Bd5 Bf6
34. Qc4 Qe7 35. Qd3 Qd7 36. Bc4 Qg4 37. Bd5 b6 38. Bf3 Qe6 39. Qc4 Qh3+ 40. Kg1
Rc8 41. Qd5 Rd8 42. Qb7 Qf5 43. Qe4 d3 44. Qxf5 gxf5 45. g4 fxg4 46. Be4 d2 47.
Bf5 Rd4 48. Kf1 Bg5 49. Ke2 g6 50. Bc2 Kg7 51. Kf1 Bf4 52. Kg2 Rd5 53. Be4 Rh5
54. Kf1 Rxh2 55. Bg2 Rh5 56. Ke2 Re5+ 57. Kf1 Ra5 58. a4 Rc5 59. Ke2 Rc3 60. Bd5
f5 61. Bc4 Kf6 62. Bd5 Rc1 63. Bc4 Ke5 64. Bf7 Rc6 65. Kd3 Rd6+ 66. Ke2 Kd4 67.
Bc4 Rd7 {White forfeits on time} 0-1

[Event "Team 45 45 League T47"]
[Site "Internet Chess Club"]
[Date "2010.11.19"]
[Round "3"]
[White "mitus"]
[Black "AntMantis"]
[Result "1-0"]
[WhiteElo "1751"]
[BlackElo "2023"]
[Opening "Scandinavian (center counter) defense"]
[ECO "B01"]
[Time "17:01:01"]
[TimeControl "2700+45"]

1. e4 d5 2. exd5 Qxd5 3. Nc3 Qa5 4. d4 Nf6 5. h3 Bf5 6. Nf3 h6 7. Bd2 c6 8. Bc4
e6 9. O-O Nbd7 10. Bb3 Qc7 11. Qe2 Bd6 12. Rfe1 O-O-O 13. Rad1 g5 14. Ne5 Nb6
15. g4 Bh7 16. Nxf7 Rhe8 17. Nxd8 Qxd8 18. Bxe6+ Kb8 19. Qf3 Rf8 20. Qg2 Nbd5
21. Nxd5 cxd5 22. c3 Bc7 23. f3 Bc2 24. Rc1 Bd3 25. Re3 Bg6 26. Rce1 Qd6 27. Bf5
Bf7 28. Re7 Ka8 29. R1e2 Bd8 30. R7e5 Nd7 31. Bxd7 Qxd7 32. Be1 Qa4 33. Bg3 Qxa2
34. R5e3 h5 35. Bd6 Rg8 36. Qg3 Qb3 37. Bc7 a6 38. Bxd8 {Black resigns} 1-0

[Event "Team 45 45 League T47"]
[Site "Internet Chess Club"]
[Date "2010.11.21"]
[Round "3"]
[White "AntonioMendonca"]
[Black "tourettes"]
[Result "1-0"]
[WhiteElo "1556"]
[BlackElo "1474"]
[Opening "French: exchange variation"]
[ECO "C01"]
[Time "16:00:18"]
[TimeControl "2700+45"]

1. e4 e6 2. d4 d5 3. exd5 exd5 4. Bd3 Nf6 5. h3 Be7 6. Qf3 O-O 7. Ne2 Re8 8. O-O
c5 9. c3 c4 10. Bc2 b5 11. Bf4 Nbd7 12. Nd2 Nf8 13. Rfe1 Ne6 14. a4 Qb6 15. a5
Qc6 16. Nf1 Nxf4 17. Nxf4 Bd7 18. Nh5 Nxh5 19. Qxh5 g6 20. Qf3 Qd6 21. Re2 b4
22. Rae1 bxc3 23. bxc3 Bf8 24. Ne3 Bc6 25. Ng4 Bg7 26. Ne5 Bxe5 27. Rxe5 Rxe5
28. Rxe5 Qa3 29. Bd1 Qxa5 30. h4 Re8 31. Qf6 Qc7 32. f4 Rxe5 33. Qxe5 Qxe5 34.
fxe5 Bd7 35. Kf2 a5 36. Ke3 a4 37. Kd2 a3 38. Kc1 Bf5 39. g4 Be4 40. Be2 Kf8 41.
g5 Kg7 42. Bg4 h5 43. Bh3 Bf3 44. Kb1 Be4+ 45. Ka2 Kf8 46. Kxa3 Ke7 47. Kb4 Kd8
48. Kc5 Kc7 49. e6 Kd8 50. Kd6 Bf5 51. Bxf5 gxf5 52. exf7 f4 53. f8=R# {Black
checkmated} 1-0

[Event "Team 45 45 League T47"]
[Site "Internet Chess Club"]
[Date "2010.11.20"]
[Round "3"]
[White "kabindra"]
[Black "gerailen0075"]
[Result "1/2-1/2"]
[WhiteElo "1755"]
[BlackElo "1804"]
[Opening "French: Tarrasch, Guimard variation"]
[ECO "C04"]
[Time "15:00:16"]
[TimeControl "2700+45"]

1. e4 e6 2. d4 d5 3. Nd2 Nc6 4. c3 e5 5. exd5 Qxd5 6. Ngf3 exd4 7. Bc4 Qf5 8.
Nxd4 Nxd4 9. cxd4 Bd6 10. O-O Ne7 11. Nf3 O-O 12. Re1 Ng6 13. Ng5 Bf4 14. Nxf7
Rxf7 15. Re8+ Nf8 16. Qf3 Be6 17. Bxe6 Qxe6 18. Rxe6 Bxh2+ 19. Kxh2 Rxf3 20. Re2
Rd3 21. Rd2 Rxd2 22. Bxd2 Rd8 23. Be3 Ne6 24. Rd1 Rd5 25. Rd2 c6 26. Kg3 Kf7 27.
f4 a6 28. Kf3 Nc7 29. a4 Rh5 30. g3 Nd5 31. Bf2 Rh1 32. Kg2 Ra1 33. b3 Rb1 34.
Rd3 Rb2 35. Kf3 Nb4 36. Re3 Nd5 37. Rd3 Nb4 38. Re3 {Game drawn by mutual
agreement} 1/2-1/2

[Event "Team 45 45 League T47"]
[Site "Internet Chess Club"]
[Date "2010.11.21"]
[Round "3"]
[White "ILRE"]
[Black "loserloser"]
[Result "0-1"]
[WhiteElo "1606"]
[BlackElo "1821"]
[Opening "Scandinavian defense"]
[ECO "B01"]
[Time "11:04:43"]
[TimeControl "2700+45"]

1. e4 d5 2. exd5 Nf6 3. d4 Bg4 4. f3 Bf5 5. Bb5+ c6 6. dxc6 Qa5+ 7. Nc3 Nxc6 8.
Ne2 e6 9. Bxc6+ bxc6 10. O-O Be7 11. Be3 O-O 12. Nf4 Rab8 13. Rb1 Rfd8 14. Qe2
Rb7 15. Nd3 Rdb8 16. Ne4 Qxa2 17. Ne5 Rxb2 18. Rxb2 Rxb2 19. Rc1 Nxe4 20. fxe4
Bxe4 21. Qg4 Bf5 22. Qf3 Rxc2 23. Rxc2 Qxc2 24. g4 Qb1+ 25. Kf2 Bh4+ 26. Kg2 Be4
{White resigns} 0-1

[Event "Team 45 45 League T47"]
[Site "Internet Chess Club"]
[Date "2010.11.20"]
[Round "3"]
[White "Muravey"]
[Black "Helaman"]
[Result "1-0"]
[WhiteElo "1411"]
[BlackElo "1428"]
[Opening "Scotch game"]
[ECO "C45"]
[Time "14:01:57"]
[TimeControl "2700+45"]

1. e4 e5 2. Nf3 Nc6 3. d4 exd4 4. Nxd4 Bc5 5. Be3 Qf6 6. c3 Nge7 7. Be2 d5 8.
Bf3 Nxd4 9. cxd4 dxe4 10. Bxe4 Bd6 11. Nc3 Bd7 12. O-O O-O 13. Rb1 Rab8 14. Qb3
a6 15. Qc2 Nf5 16. Nd5 Qh4 17. g3 Qh5 18. Nf4 Bxf4 19. Bxf4 Nd6 20. Qxc7 Nxe4
21. Qxd7 Rfd8 22. Qe7 Re8 23. Qb4 Rbd8 24. Qxb7 Rxd4 25. Qxa6 Red8 26. Be3 R4d6
27. Qc4 Nd2 28. Bxd2 Rxd2 29. b4 Qh3 30. b5 R2d4 31. Qe2 Rd2 32. Qc4 R2d4 33.
Qc6 R4d6 34. Qg2 Qe6 35. a4 Qc4 36. a5 Rd5 37. Rfc1 Qe2 38. Qf1 Qa2 39. b6 Qxa5
40. b7 Rb8 41. Rc8+ Rd8 42. Ra1 Qd5 43. Ra8 Qd6 44. Raxb8 {Black resigns} 1-0

[Event "Team 45 45 League T47"]
[Site "Internet Chess Club"]
[Date "2010.11.21"]
[Round "3"]
[White "MontanaSky"]
[Black "Despair"]
[Result "0-1"]
[WhiteElo "1812"]
[BlackElo "1963"]
[Opening "English opening"]
[ECO "A10"]
[Time "10:00:43"]
[TimeControl "2700+45"]

1. c4 g5 2. Nc3 Bg7 3. d4 e6 4. g3 Nc6 5. e3 b6 6. Bg2 Bb7 7. Nge2 h5 8. h3 h4
9. g4 Nge7 10. O-O O-O 11. e4 Ng6 12. e5 f6 13. exf6 Bxf6 14. Ne4 Be7 15. f4
gxf4 16. Nxf4 Nxf4 17. Bxf4 d5 18. cxd5 exd5 19. Nc3 Nxd4 20. Kh1 Ne6 21. Bxd5
Bxd5+ 22. Qxd5 Qxd5+ 23. Nxd5 Nxf4 24. Nxe7+ Kh7 25. Nf5 Nxh3 26. Kg2 Ng5 27.
Nxh4 Rxf1 28. Rxf1 Rd8 29. Nf5 Rd3 30. Rf2 Rd1 31. Re2 c5 32. Kg3 Kg6 33. Nh4+
Kf6 34. Nf3 Rd3 35. Kf4 Rxf3# {White checkmated} 0-1

[Event "Team 45 45 League T47"]
[Site "Internet Chess Club"]
[Date "2010.11.18"]
[Round "3"]
[White "PJ"]
[Black "alexping"]
[Result "1/2-1/2"]
[WhiteElo "1726"]
[BlackElo "1940"]
[Opening "French: Winawer, advance, 6...Ne7"]
[ECO "C18"]
[Time "10:34:34"]
[TimeControl "2700+45"]

1. e4 e6 2. d4 d5 3. Nc3 Bb4 4. e5 c5 5. a3 Bxc3+ 6. bxc3 Ne7 7. f4 Nbc6 8. Nf3
Qa5 9. Bd2 Qa4 10. dxc5 Bd7 11. Bd3 h6 12. Qe2 Na5 13. O-O Nc4 14. Rfb1 Bc6 15.
Nd4 Rb8 16. Rb4 Qa5 17. Bxc4 dxc4 18. Be3 O-O 19. Qxc4 Nd5 20. Nxc6 bxc6 21.
Rxb8 Rxb8 22. Bd2 Rb2 23. Qd3 Qxc5+ 24. Kf1 Qb6 25. c4 Ne7 26. Bb4 Nf5 27. Re1
Qd4 28. Qxd4 Nxd4 29. Bc3 Rxc2 30. Bxd4 Rxc4 31. Bxa7 Rxf4+ 32. Kg1 Ra4 33. Bc5
Rc4 34. Bd6 Ra4 35. Rc1 Ra6 36. Rc4 f6 37. exf6 gxf6 38. Rb4 Kf7 39. Bc5 e5 40.
Rb6 Ra5 41. Rxc6 h5 42. Kf2 f5 43. Ke2 Rb5 44. Bb4 Rb8 45. Rh6 Rg8 46. Kf2 Rc8
47. Rxh5 Ke6 48. Rh6+ Kd5 49. Rd6+ Ke4 50. g3 Rh8 51. h4 f4 52. gxf4 exf4 53.
Bc5 Rxh4 54. Rd4+ Ke5 55. Ra4 Rh2+ 56. Kf1 Ra2 57. Bb6 Kd5 58. Ba7 f3 59. Ke1
Re2+ 60. Kf1 Ra2 61. Be3 Kc6 62. Bh6 Kb5 63. Ra8 Rh2 64. Bf4 Ra2 65. Bd6 Rd2 66.
Bb4 Ra2 67. Rf8 f2 68. Rxf2 Rxf2+ 69. Kxf2 Ka6 {Game drawn by mutual agreement}
1/2-1/2

[Event "Team 45 45 League T47"]
[Site "Internet Chess Club"]
[Date "2010.11.21"]
[Round "3"]
[White "rubo"]
[Black "room-matt"]
[Result "1-0"]
[WhiteElo "1711"]
[BlackElo "1611"]
[Opening "Bird: From gambit, Lasker variation"]
[ECO "A02"]
[Time "14:02:02"]
[TimeControl "2700+45"]

1. f4 e5 2. fxe5 d6 3. exd6 Bxd6 4. Nf3 g5 5. d4 g4 6. Ng5 f5 7. e4 h6 8. e5 Be7
9. Nh3 gxh3 10. Qh5+ Kf8 11. Bc4 Rh7 12. c3 Bh4+ 13. g3 Bg5 14. Nd2 Re7 15. Nf3
Nf6 16. Qxh3 Bxc1 17. Rxc1 Ng4 18. O-O Kg7 19. Rce1 Qe8 20. Nh4 f4 21. gxf4 Nxe5
22. Qg3+ Ng4 23. Rxe7+ Qxe7 24. Re1 Qf8 25. f5 h5 26. Qxc7+ Nd7 27. Be6 Qe8 28.
h3 Nf6 29. Kf2 Kh7 30. Ng6 h4 31. Qf4 Nh5 32. Qxh4 Nf6 33. Bxc8 Qxc8 34. Re7+
Kh6 35. Re6 Kg7 36. Qg5 Qd8 37. Re7+ Kg8 38. Qh6 {Black resigns} 1-0